Map: Oxide LE

Players

Massa

  • Race: Terran Terran
  • League: Platinum
  • Spawn Location: 7:00

Jawbreaker - Winner!

  • Race: Protoss Protoss
  • League: Diamond
  • Spawn Location: 1:00

VOD

Have the link to the VOD?

Description

Time

  • Played on: Jan. 13, 2021, 12:17 p.m.
  • Length: 26:38
Show
View Real Time Build Order
Export as new Build Order

Massa Terran 

Build Orders: 2 Factory 

Get SALT Encoding   

  12  0:00  SCV  
  13  0:12  SCV  
  14  0:17  Supply Depot  
  14  0:24  SCV  
  15  0:39  SCV  
  15  0:42  Barracks  
  16  0:48  Refinery  
  16  0:51  SCV  
  17  1:03  SCV  
  18  1:15  SCV  
  19  1:22  Engineering Bay  
  19  1:27  SCV  
  20  1:35  Reaper  
  20  1:38  Supply Depot  
  22  1:41  Orbital Command  
  21  2:06  Marine  
  21  2:07  SCV  
  23  2:20  Command Center  
  23  2:24  Marine  
  24  2:30  Factory  
  24  2:34  Barracks  
  24  2:42  Marine  
  24  3:08  Barracks Tech Lab  
  24  3:09  Factory  
  24  3:10  SCV  
  24  3:11  Refinery  
  25  3:15  Hellion  
  27  3:21  Barracks Tech Lab  
  27  3:25  SCV  
  28  3:33  Marauder  
  30  3:34  Orbital Command  
  30  3:37  SCV  
  31  3:49  Barracks Tech Lab, Hellion  
  31  3:50  SCV  
  31  3:55  Factory Reactor  
  34  4:01  SCV  
  34  4:02  SCV  
  36  4:04  Infernal Pre-Igniter  
  36  4:10  Supply Depot  
  36  4:13  SCV  
  36  4:14  SCV  
  36  4:16  Marauder  
  40  4:22  Bunker  
  40  4:25  SCV  
  40  4:26  SCV  
  42  4:36  Widow Mine x3  
  42  4:38  SCV x2  
  50  4:50  Refinery, SCV x2  
  52  4:54  Engineering Bay  
  52  4:57  Widow Mine  
  54  5:01  Supply Depot  
  54  5:03  Supply Depot  
  54  5:10  Hellion  
  54  5:22  SCV x2, Stimpack  
  54  5:23  Hellion, Marauder  
  54  5:24  Command Center  
  54  5:25  Siege Tank  
  63  5:30  Marauder  
  63  5:34  SCV x2  
  67  5:42  Barracks  
  67  5:44  Marauder  
  69  5:56  Supply Depot  
  69  5:59  Supply Depot  
  69  6:02  Terran Infantry Weapons Level 1  
  69  6:05  SCV  
  70  6:14  Combat Shield  
  70  6:18  Widow Mine x2, SCV, Marauder  
  77  6:21  SCV, Marauder, Siege Tank  
  83  6:30  SCV  
  84  6:33  SCV  
  84  6:35  Missile Turret  
  84  6:37  Refinery, Barracks Reactor  
  85  6:41  Missile Turret  
  85  6:42  SCV  
  86  6:57  Missile Turret  
  86  6:59  SCV x2  
  88  7:02  Concussive Shells  
  88  7:06  Planetary Fortress  
  88  7:11  SCV x2  
  88  7:13  Siege Tank  
  88  7:14  Widow Mine  
  88  7:15  Widow Mine, Marauder  
  99  7:16  Marauder  
  101  7:23  Supply Depot x2  
  101  7:24  Supply Depot  
  101  7:26  SCV x2, Marine x2, Supply Depot  
  105  7:36  Marine  
  107  7:37  Marauder  
  107  7:44  Marine  
  109  7:45  Marine  
  110  7:55  Hellion x3, Marauder  
  120  7:58  Marauder  
  120  8:00  Terran Infantry Armor Level 1, Armory  
  120  8:01  Marine  
  120  8:02  Engineering Bay  
  121  8:07  SCV x3  
  124  8:16  Hellion, Marauder, Siege Tank  
  124  8:19  SCV x3, Sensor Tower  
  136  8:20  Marauder  
  136  8:25  Sensor Tower  
  136  8:35  Missile Turret  
  133  9:01  Starport  
  133  9:02  Starport  
  123  9:15  Marauder x2, Marine x2  
  104  9:33  Marine  
  104  9:36  Marauder x2  
  104  9:38  Marine  
  90  9:44  Medivac x2  
  93  9:51  Marine  
  92  9:52  Barracks  
  92  9:53  Barracks x2  
  92  9:56  Marine  
  92  9:58  Marauder x2  
  93  10:04  Siege Tank  
  96  10:08  Marine  
  96  10:09  Command Center  
  96  10:10  Refinery, SCV x3  
  96  10:12  Refinery  
  96  10:14  Marine, Medivac x2  
  101  10:19  Marauder x2  
  109  10:22  SCV x3  
  109  10:26  Marine  
  109  10:35  Terran Infantry Weapons Level 2, Ghost Academy  
  109  10:37  Terran Infantry Armor Level 2  
  109  10:40  Marauder x2  
  108  11:02  Marauder x2  
  98  11:05  Marine x2  
  95  11:15  Marine x3  
  97  11:23  Marauder x2, Marine x2  
  101  11:29  Siege Tank  
  101  11:30  Widow Mine x2  
  108  11:33  Marine x3  
  108  11:35  Planetary Fortress  
  111  11:41  Marine x2  
  111  11:44  Marauder  
  111  11:45  SCV, Marauder  
  111  11:46  SCV x2  
  120  11:51  Widow Mine, Marine x3  
  120  11:53  Sensor Tower  
  125  11:55  Sensor Tower  
  125  11:58  SCV x3, Marine  
  125  11:59  Marine  
  130  12:01  Siege Tank  
  130  12:06  Marauder x2  
  137  12:08  Marine  
  137  12:09  Marine x2  
  137  12:10  SCV x3  
  139  12:22  Widow Mine x2, SCV x2  
  145  12:26  Drilling Claws  
  145  12:27  Marauder, Marine  
  145  12:28  Barracks Tech Lab  
  145  12:29  Barracks Reactor, Barracks Tech Lab  
  148  12:33  Marine x2, Siege Tank  
  148  12:36  Starport Tech Lab  
  153  12:44  Widow Mine  
  155  12:47  Refinery  
  155  12:48  Marine  
  155  12:49  Refinery  
  156  12:57  Supply Depot  
  156  12:58  Supply Depot  
  156  13:03  Supply Depot  
  156  13:05  Supply Depot x2  
  156  13:06  Supply Depot  
  156  13:07  Supply Depot  
  156  13:09  Terran Infantry Weapons Level 3, Terran Infantry Armor Level 3  
  156  13:18  Ghost  
  156  13:19  Widow Mine, Marine, Siege Tank  
  164  13:24  Supply Depot x2  
  164  13:26  Sensor Tower, Command Center  
  164  13:28  Command Center  
  164  13:29  SCV x4  
  168  13:41  SCV x2  
  170  13:47  SCV x2  
  171  13:56  Ghost x3  
  171  13:57  Ghost  
  171  14:00  Starport Reactor  
  171  14:01  Enhanced Shockwaves  
  178  14:25  Ghost  
  180  14:32  Ghost x2  
  180  14:33  Ghost  
  180  14:37  Medivac  
  188  14:43  Planetary Fortress  
  188  14:53  Ghost  
  190  15:01  Ghost x2  
  190  15:05  Refinery  
  194  15:14  Corvid Reactor  
  194  15:17  Terran Vehicle Weapons Level 1  
  194  15:19  Siege Tank  
  194  15:21  Refinery  
  197  15:25  Viking  
  199  15:31  Smart Servos  
  199  15:33  Command Center  
  115  16:19  Marauder  
  115  16:20  Marauder x3  
  115  16:21  Marine  
  115  16:22  Marine x3  
  115  16:24  Siege Tank  
  134  16:25  Widow Mine x2  
  134  16:39  Marine x2  
  135  16:41  Marauder x3  
  135  16:42  Marauder  
  131  16:47  Widow Mine x2  
  131  16:51  Planetary Fortress  
  131  16:54  SCV x4  
  131  16:56  Siege Tank  
  131  16:59  Marine x4  
  142  17:02  Marauder, Ghost x3  
  142  17:05  Medivac x3  
  142  17:06  SCV x3  
  159  17:16  Marine  
  159  17:17  Marine x3  
  159  17:19  Command Center  
  163  17:23  Ghost, Missile Turret  
  163  17:29  Siege Tank  
  168  17:30  Ghost x2  
  168  17:31  Missile Turret  
  168  17:32  Marauder  
  168  17:34  Marine x2  
  168  17:35  Marine, Medivac x3  
  129  17:52  Marauder  
  128  18:00  Thor  
  134  18:09  Widow Mine  
  134  18:12  Widow Mine  
  138  18:14  Marauder x4, Marine  
  138  18:15  Marine x3  
  150  18:32  Marine x4  
  154  18:35  Marauder  
  154  18:36  Marauder x3  
  162  18:43  Siege Tank  
  165  18:50  Marine  
  166  18:56  Marauder  
  166  18:57  Marauder x3  
  140  19:11  Widow Mine x2  
  140  19:12  Marine  
  140  19:13  Marine x3  
  140  19:16  Siege Tank  
  119  19:18  Marauder x4  
  127  19:26  Sensor Tower  
  127  19:29  Missile Turret  
  127  19:30  Marine  
  128  19:32  Widow Mine x2, Marine x3  
  128  19:36  Factory, Medivac  
  128  19:37  Factory, Medivac x2  
  141  19:39  Marauder  
  141  19:40  Marauder x3  
  149  19:48  Marine, Siege Tank  
  149  19:49  Marine  
  154  19:53  Widow Mine  
  154  19:57  Planetary Fortress  
  154  19:58  Refinery  
  154  19:59  Refinery  
  156  20:01  Marauder x4  
  156  20:06  Medivac  
  156  20:07  Medivac  
  168  20:20  Siege Tank  
  171  20:28  Sensor Tower  
  171  20:30  Missile Turret x2  
  171  20:52  Siege Tank  
  171  20:56  Thor  
  163  21:15  Raven  
  163  21:16  Viking x2  
  169  21:19  Terran Vehicle Weapons Level 2  
  169  21:25  Starport  
  166  21:44  Marine  
  166  21:45  Marauder x3  
  166  21:46  Viking x2  
  177  21:50  SCV x5  
  177  21:51  SCV  
  183  21:58  Raven  
  185  22:02  SCV x5  
  185  22:03  Starport  
  188  22:31  Viking x2  
  192  22:41  Raven  
  191  22:48  Starport Tech Lab, Starport Reactor  
  191  22:51  Factory Tech Lab x2  
  191  22:56  Thor  
  197  23:01  Viking  
  189  23:23  Raven  
  191  23:46  Barracks x2  
  191  23:49  Barracks x2  
  191  24:03  Sensor Tower  
  191  24:07  Missile Turret  
  190  24:34  Raven  
  190  24:35  Viking x2  
  190  24:36  Raven, Viking  
  124  25:28  Marauder x2  
  109  25:29  Marauder x2, Marine x4  
  109  25:30  Raven x2, Viking  
  109  25:31  Viking x3  
  109  25:33  Thor x3  
  145  25:47  Missile Turret  
  145  25:48  Missile Turret  
  145  25:50  Missile Turret  
  145  25:51  Missile Turret  
  145  25:56  Marine  
  145  25:57  Marauder x2, Marine x2  
  146  25:58  Marauder x2, Marine x5  
  146  26:00  Viking x2  
  146  26:01  Viking x2  
  146  26:02  Command Center  
  152  26:06  Missile Turret  
  149  26:14  Marine x3  
  149  26:15  Marine  
  149  26:16  Marine x4  
  179  26:18  Marine  
  179  26:19  Marine x2  
Show
View Real Time Build Order
Export as new Build Order

Jawbreaker Protoss - Winner!

Build Orders: Blink Stalkers 

Get SALT Encoding   

  12  0:00  Probe  
  13  0:12  Probe  
  14  0:19  Pylon  
  14  0:24  Probe  
  15  0:37  Probe  
  15  0:40  Gateway  
  16  0:45  Assimilator  
  16  0:53  Probe (Chrono Boost)  
  18  1:04  Probe (Chrono Boost)  
  18  1:09  Probe (Chrono Boost)  
  19  1:20  Probe  
  20  1:37  Probe  
  21  1:52  Cybernetics Core  
  21  1:54  Probe  
  21  1:57  Nexus  
  22  2:05  Pylon  
  22  2:09  Assimilator  
  22  2:10  Probe  
  21  2:27  Warp Gate (Chrono Boost)  
  21  2:28  Stalker (Chrono Boost)  
  23  2:38  Probe  
  23  3:04  Probe  
  24  3:09  Stalker  
  26  3:17  Probe  
  27  3:21  Gateway  
  27  3:22  Probe  
  27  3:24  Twilight Council  
  28  3:27  Pylon  
  28  3:35  Probe x2  
  30  3:46  Gateway  
  30  3:49  Probe  
  30  3:50  Probe  
  32  3:58  Blink (Chrono Boost)  
  32  4:01  Probe  
  32  4:02  Probe  
  34  4:13  Probe  
  34  4:14  Probe  
  36  4:27  Probe x2  
  36  4:29  Stalker  
  36  4:30  Stalker  
  42  4:39  Probe x2  
  44  4:46  Pylon  
  44  4:50  Pylon  
  44  4:51  Probe x2  
  44  4:52  Stalker  
  48  4:53  Pylon  
  44  5:16  Probe x2  
  46  5:23  Templar Archives  
  46  5:24  Stalker x2  
  46  5:25  Zealot  
  52  5:35  Nexus  
  52  5:36  Probe x2  
  52  5:39  Charge (Chrono Boost)  
  54  5:48  Probe x2  
  56  5:58  Robotics Facility  
  56  6:00  Probe x2  
  56  6:03  High Templar  
  60  6:08  Zealot x2  
  60  6:10  Assimilator  
  64  6:13  Assimilator  
  62  6:30  High Templar  
  62  6:31  Zealot  
  62  6:32  Psionic Storm  
  66  6:33  Probe x2  
  68  6:45  Probe  
  68  6:46  Probe  
  70  6:54  Probe, Assimilator  
  70  6:56  Assimilator  
  70  6:57  Observer (Chrono Boost), Probe  
  70  6:58  Probe  
  74  7:04  Zealot x2  
  74  7:05  Zealot  
  74  7:07  Probe  
  81  7:11  Observer (Chrono Boost)  
  81  7:15  Probe x2  
  84  7:19  Probe  
  85  7:28  Pylon  
  85  7:29  Probe x2, Shield Battery, Warp Prism  
  89  7:31  Shield Battery, Pylon  
  89  7:34  Shield Battery  
  89  7:35  Shield Battery  
  89  7:50  Probe  
  89  7:51  Probe  
  91  7:53  High Templar x3  
  91  7:57  Probe  
  98  8:03  Probe  
  98  8:05  Pylon  
  99  8:06  Observer  
  99  8:07  Pylon  
  99  8:11  Probe x2  
  102  8:27  Pylon  
  102  8:32  Gateway  
  102  8:33  Pylon  
  102  8:35  Forge  
  102  8:36  Gateway  
  102  8:38  Gateway x2  
  102  8:39  Forge  
  94  8:52  Zealot x3  
  84  9:23  Stalker x3  
  82  9:37  Protoss Ground Weapons Level 1 (Chrono Boost), Protoss Ground Armor Level 1 (Chrono Boost)  
  78  9:41  Stalker x4  
  78  9:44  Probe x3  
  89  10:02  Zealot x3, Immortal (Chrono Boost)  
  89  10:06  Probe x3  
  102  10:28  Zealot x4  
  104  10:30  Zealot x2  
  104  10:31  Zealot  
  104  10:34  Immortal  
  116  10:41  Probe  
  116  10:42  Probe x2  
  117  10:54  Probe  
  117  10:56  Nexus  
  116  10:58  Pylon  
  116  11:00  Pylon  
  116  11:03  Pylon  
  100  11:04  Zealot x3  
  100  11:05  Zealot x4  
  112  11:27  Immortal  
  112  11:30  Robotics Bay  
  116  11:37  Robotics Facility  
  116  11:39  Robotics Facility  
  116  11:42  Protoss Ground Weapons Level 2 (Chrono Boost), Protoss Ground Armor Level 2 (Chrono Boost)  
  116  11:43  Gateway  
  116  11:45  Gateway  
  116  11:49  Gateway  
  116  11:51  Gateway  
  116  12:06  Immortal  
  116  12:13  Assimilator  
  116  12:17  Assimilator  
  116  12:20  High Templar x4  
  116  12:22  Zealot x3  
  130  12:25  Archon x2  
  130  12:45  High Templar, Gravitic Drive (Chrono Boost)  
  130  12:46  Observer, High Templar x2  
  130  12:47  High Templar  
  139  12:55  Archon x2  
  139  13:04  Immortal x2  
  147  13:06  Zealot  
  147  13:07  Observer, Zealot x4  
  158  13:28  Observer  
  158  13:29  Gravitic Boosters  
  159  13:43  Observer  
  160  13:51  High Templar x4, Protoss Ground Armor Level 3 (Chrono Boost), Protoss Ground Weapons Level 3 (Chrono Boost)  
  160  13:52  Zealot  
  160  13:53  Zealot x4  
  178  13:56  Archon x2  
  172  15:08  Observer  
  172  15:10  Stargate  
  172  15:13  Stargate x2  
  172  15:14  Pylon  
  172  15:18  Pylon  
  172  15:39  Zealot x4  
  172  15:40  Zealot x5  
  177  16:07  Nexus  
  157  16:17  Warp Prism  
  153  16:21  High Templar x3  
  153  16:22  Zealot x3  
  153  16:23  Zealot x3  
  167  16:58  Assimilator  
  167  17:00  Assimilator  
  167  17:04  Pylon, Fleet Beacon  
  167  17:07  Pylon  
  167  17:09  Pylon  
  167  17:21  Zealot x4  
  175  17:24  Protoss Shields Level 1 (Chrono Boost)  
  175  17:32  Zealot x2  
  147  17:57  Zealot x4  
  147  17:58  Zealot x6  
  164  18:20  Carrier x3 (Chrono Boost), Zealot x5  
  164  18:21  Zealot x2  
  188  18:52  Zealot x6  
  200  19:02  Protoss Air Weapons Level 1 (Chrono Boost)  
  172  19:27  Zealot  
  172  19:28  Zealot x6  
  172  19:29  Zealot x4  
  194  19:37  Observer  
  193  19:42  Protoss Shields Level 2 (Chrono Boost)  
  193  20:01  Zealot x3  
  197  20:56  Carrier x2 (Chrono Boost)  
  182  21:17  Zealot x5  
  182  21:18  Zealot x5  
  194  21:30  Carrier (Chrono Boost)  
  196  21:47  Protoss Air Weapons Level 2 (Chrono Boost)  
  196  21:52  Photon Cannon x2  
  196  21:53  Photon Cannon x2, Shield Battery x2  
  196  21:54  Shield Battery  
  196  21:55  Shield Battery  
  196  21:58  Shield Battery  
  190  22:21  Carrier x2 (Chrono Boost)  
  177  22:24  Carrier (Chrono Boost)  
  185  22:50  Pylon  
  183  22:52  Pylon  
  175  23:18  Immortal x3  
  175  23:41  Carrier (Chrono Boost)  
  175  23:42  Carrier x2 (Chrono Boost)  
  175  23:45  Mothership (Chrono Boost)  
  175  23:46  Protoss Shields Level 3 (Chrono Boost)  
  193  24:19  Photon Cannon, Cybernetics Core  
  193  24:21  Photon Cannon  
  183  24:29  High Templar x2  
  183  24:30  High Templar  
  152  25:27  Carrier x2 (Chrono Boost)  
  152  25:28  Carrier (Chrono Boost)  
Tags
 
Composition
Blink Stalkers
Matchup
PvT
Opening
2 Factory
Replay Pack
Multiplayer
Spawn Locations
Cross Positions
Add a new tag
Caveats
  • Supply blocks, unpowered buildings, or Contaminate may cause inaccurate times.
  • Supply counts are checked every 10 seconds.